[Event "Charlotte Summer IM D 2022"]
[Site "Charlotte"]
[Date "2022.07.25"]
[Round "1.1"]
[White "Chasin, Nico"]
[Black "Bacus, Dharim"]
[Result "1-0"]
[ECO "D38"]
[WhiteElo "2285"]
[BlackElo "2227"]
[Annotator "TA"]
[PlyCount "52"]
[EventDate "2022.07.24"]
[EventType "tourn"]
[EventCountry "USA"]
[SourceTitle "playchess.com"]
[Source "ChessBase"]
[SourceQuality "1"]
[TimeControl "5400+30"]

1. d4 Nf6 2. c4 e6 3. Nf3 d5 4. Nc3 Bb4 5. Bg5 h6 6. Bxf6 Qxf6 7. Qa4+ Nc6 8. cxd5 exd5 9. e3 O-O 10. Be2 Qg6 {[%emt 1:20:09] D38: Queen's Gambit Declined: Ragozin Defence (4 Nf3 Bb4).} 11. O-O Bxc3 12. bxc3 a6 {[%emt 0:00:00] White is slightly better.} 13. c4 {[#]} dxc4 $146 ({Predecessor:} 13... Bh3 14. Ne1 Rfd8 15. Rc1 dxc4 16. Qxc4 Be6 17. Qc2 Qxc2 18. Rxc2 Rac8 19. Nd3 Bf5 {1-0 (53) Cosma,I (2435)-Zemerov,V (2420) Hungary 1995}) 14. Qxc4 Bg4 15. Rab1 (15. Rfc1 $16) 15... Rfd8 (15... Bh3 $1 $11 16. Nh4 Qg5) 16. Rfc1 $16 Rab8 17. Qc5 Qf6 18. d5 Ne7 19. e4 {[%emt 0:03:30] [#] Strongly threatening e5.} Bxf3 20. Bxf3 Rd7 {[%emt 0:00:00] A mistake that costs the game.} ({Better is} 20... c6 $14) 21. Bg4 $18 b6 (21... Rdd8 $142 22. Qxc7 b5) 22. Qe3 ({Not} 22. Bxd7 bxc5 23. Rxb8+ Kh7 $16) 22... Rdd8 23. Rxc7 Qe5 24. Rbc1 f5 25. Bh3 fxe4 $2 {[%emt 0:00:00] [#]} (25... Re8 26. Qg3 Qxg3 27. hxg3 Rbd8) 26. Be6+ Kh8 {[%emt 0:00:00] Weighted Error Value: White=0.10 (very precise) /Black=0.49} 1-0

[Event "Charlotte Summer IM D 2022"]
[Site "Charlotte"]
[Date "2022.07.25"]
[Round "1.2"]
[White "Martin Del Campo Cardenas, Roberto Abel"]
[Black "Wen, Teddie"]
[Result "1-0"]
[ECO "B23"]
[WhiteElo "2245"]
[BlackElo "2234"]
[Annotator "TA"]
[PlyCount "100"]
[EventDate "2022.07.24"]
[EventType "tourn"]
[EventCountry "USA"]
[SourceTitle "playchess.com"]
[Source "ChessBase"]
[SourceQuality "1"]
[TimeControl "5400+30"]

1. e4 c5 2. Nc3 Nc6 3. Nge2 g6 4. d3 Bg7 5. Be3 d6 6. Qd2 {[%emt 0:00:47] B23: Closed Sicilian: Lines without g3.} Rb8 7. h3 {[%emt 0:03:52] [#]} (7. d4 $142) 7... e6 $146 ({Predecessor:} 7... Qa5 8. g4 Nd4 9. Bg2 Nxe2 10. Kxe2 b5 11. a3 e6 12. f4 Ne7 13. e5 dxe5 14. Bxc5 {1-0 (40) Rodriguez Vila,A (2492)-Shtemler,L (2199) Montevideo 2020}) 8. d4 {[%emt 0:02:29] The position is equal.} d5 (8... b5 $1 $11) 9. exd5 $16 (9. dxc5 d4 10. Nxd4 (10. Bf4 e5 $17) 10... Bxd4 $15) 9... exd5 10. Bf4 (10. dxc5 d4 11. Bf4 dxc3 12. Qxd8+ Kxd8 $15) 10... cxd4 11. Nb5 Qb6 12. a4 {[%emt 0:02:59] [#] aiming for Bc7.} (12. Bxb8 Qxb5 13. Bd6 (13. Nxd4 $2 Qxb2 14. Qe3+ Nge7 $19) 13... Qxb2 $15) 12... Ne5 13. Qb4 Ne7 14. Nexd4 Qf6 (14... Qd8 $16) 15. Qd6 $2 (15. Nc7+ $18 Kd7 16. Ndb5) 15... Qxd6 (15... O-O $14 16. Qxf6 (16. Qxb8 $2 Qxf4 17. Qd6 a6 $19) 16... Bxf6) 16. Nxd6+ Kd7 17. N6b5 a6 18. Nc3 Ra8 19. O-O-O Rd8 {[%emt 0:03:00] [#]} 20. Be2 (20. a5 $1 $18) 20... N5c6 21. Be3 {[%emt 0:00:00] White is much more active. The black rooks are badly placed.} Ke8 22. Rhe1 Nxd4 23. Bxd4 Bxd4 24. Rxd4 Be6 25. Bg4 Bxg4 26. hxg4 Kf8 $1 27. g5 Rd7 {[%emt 0:00:00] Black is now going downhill.} (27... Rac8 $14) 28. Rh1 Kg7 29. Ne4 {[%emt 0:00:00] Hoping for Nf6.} Nf5 (29... Rc7 $16) 30. Rd3 ({White should play} 30. Nf6 $18 Rh8 31. Rd3 (31. Rxd5 Rxd5 32. Nxd5 Nd4 $16)) 30... h5 (30... Rdd8 $16 {keeps fighting.} 31. Nf6 h6) 31. Nf6 Re7 (31... Rdd8 $142 32. g4 (32. Rxd5 Rxd5 33. Nxd5 Rc8 $14) (32. Nxd5 b5 $16) 32... Nd6) 32. g4 $18 ({Not} 32. Rxd5 Re2 $18) ({Weaker is} 32. Nxd5 Re4 $14) 32... Nd6 33. gxh5 gxh5 (33... Ne4) 34. Rxd5 Ne4 35. Nxh5+ Kg6 36. Nf4+ Kg7 37. Nd3 Rc8 38. Rh3 {[%emt 0:00:43] f3 is the strong threat.} Rec7 39. c3 Rc4 40. a5 Nc5 41. Nxc5 ({Resist} 41. Ne5 $6 Rf4 42. Rf3 Rxf3 43. Nxf3 Ne4 $18) 41... R8xc5 42. Rhd3 Rxd5 (42... Kg6 $142 43. Kd2 Rc7) 43. Rxd5 {[%emt 0:00:00][%mdl 4096] Endgame KR-KR} Rf4 $2 (43... Rc6 44. f4 Rc7) 44. Rd7 {[%emt 0:00:00] White is clearly winning.} Rxf2 45. Rxb7 {[%emt 0:00:00] Threatens to win with b4.} Rf5 46. b4 Rxg5 47. Rb6 f5 48. Rxa6 f4 49. Kd1 Re5 50. Rd6 f3 {[%emt 0:00:00] Weighted Error Value: White=0.27 (precise) /Black=0.35} 1-0

[Event "Charlotte Summer IM D 2022"]
[Site "Charlotte"]
[Date "2022.07.25"]
[Round "1.3"]
[White "Canty, James"]
[Black "Leyva Rivera, Yunier"]
[Result "1/2-1/2"]
[ECO "B67"]
[WhiteElo "2175"]
[BlackElo "2379"]
[Annotator "TA"]
[PlyCount "99"]
[EventDate "2022.07.24"]
[EventType "tourn"]
[EventCountry "USA"]
[SourceTitle "playchess.com"]
[Source "ChessBase"]
[SourceQuality "1"]
[TimeControl "5400+30"]

1. e4 c5 2. Nf3 d6 3. d4 cxd4 4. Nxd4 Nf6 5. Nc3 Nc6 6. Bg5 e6 7. Qd2 a6 8. O-O-O Bd7 9. Kb1 h6 {[%emt 0:11:20] B67: Sicilian: Richter-Rauzer: 7...a6 8 0-0-0 Bd7, lines without 9 f4 Be7.} 10. Be3 Be7 11. f3 h5 {[%emt 0:00:18] Prevents g4. White is slightly better.} 12. Be2 Qc7 {[%emt 0:00:42] [#]} 13. Qe1 $146 ({Predecessor:} 13. Bd3 Ne5 14. h3 b5 15. g4 Nxd3 16. Qxd3 b4 17. Nce2 Rc8 18. g5 {½-½ (32) Kotyurgin,I (2226)-Cipressi,N (2250) ICCF email 2018}) 13... b5 14. Bd3 Ne5 15. Nce2 Qb7 16. h3 h4 ({Black should play} 16... Nxd3 $15 17. Rxd3 a5) 17. Nc1 ({White should try} 17. Bg5 $14) 17... b4 18. Be2 d5 19. Bf4 Ng6 20. Bh2 a5 21. exd5 Nxd5 22. Bd3 Rh6 (22... Qb6 $11) 23. Be4 $14 Kf8 24. f4 {[%emt 0:26:56] aiming for Rf1.} Re8 25. f5 exf5 26. Nxf5 Bxf5 27. Bxd5 (27. Bxf5 Bc5 28. Qd2 Nc3+ $1 29. Ka1 Nxd1 30. Rxd1 Be3 $17) 27... Qc8 28. Qf2 {[%emt 0:00:00] And now Rhf1 would win.} Bc5 29. Qf1 (29. Qf3 $1 $14 Bb6 30. Bb3) 29... Ne5 $40 {[%emt 0:00:36][%mdl 128] Black is up to no good.} 30. Bb3 Rf6 $1 31. Qb5 Bd7 $1 32. Qe2 {[%emt 0:00:00] [#]} (32. Rxd7 $17 Nxd7 33. Rd1) 32... a4 $2 (32... Ng4 $1 $19 33. Qc4 Ne3 34. Qxh4 a4) 33. Bxe5 $11 axb3 34. Nxb3 Bb6 {[%emt 0:00:58] Threatens to win with ...Bf5. A strong pair of Bishops.} 35. Rhe1 $2 (35. Rd2 $11 {and White has nothing to worry.}) 35... Rf2 36. Qe4 {[%emt 0:00:00] Qh7 is the strong threat.} Kg8 {[%emt 0:00:13] Against Qh7+} 37. Ka1 (37. Nd4 $142 Bxd4 38. Qxd4 Rxc2 39. Qxh4 (39. Qxd7 $2 Rc1+ 40. Rxc1 Qxd7 $19) 39... Rxg2 40. Ka1) 37... Qxc2 $2 38. Qxc2 {[%emt 0:00:35] Really sharp!} Rxc2 39. Rxd7 Bf2 (39... Rxg2 $11 40. Nc1 Bf2) 40. Rc1 (40. Kb1 $16 Bxe1 41. Kxc2 Rxe5 42. Rd4) 40... Rxc1+ $15 41. Nxc1 Rxe5 {[%emt 0:00:06][%mdl 4096] Endgame KRB-KRN} 42. Nd3 (42. Kb1 $11 {keeps the balance.}) 42... Re2 $17 43. Kb1 Bg3 (43... Bg1 $1 $17 {Hoping for ...g5.} 44. Rd8+ Kh7) 44. Nxb4 $11 Rxg2 45. a4 {[%emt 0:00:05] Black must now prevent a5.} g5 46. a5 (46. Rd5 $1 $15 Bf2 47. Nd3) 46... g4 $1 $17 47. a6 (47. hxg4 $2 h3 48. Rd5 Rg1+ 49. Ka2 h2 $19) 47... Bf2 48. Nd3 (48. a7 $2 Bxa7 $1 49. hxg4 h3 $1 $19) 48... Bg1 (48... Bb6 $17 49. Rd8+ (49. a7 $2 Bxa7 50. Rxa7 gxh3 $19) (49. Rb7 $2 gxh3 50. a7 Bxa7 $19) 49... Kg7) 49. Nf4 {[%emt 0:01:00] [#]} ({Avoid the trap} 49. a7 $2 Bxa7 $1 50. Rxa7 gxh3 $19) (49. Rd8+ $1 $11 Kg7 50. Nf4 gxh3 51. Nxh3) 49... gxh3 ({Better is} 49... Rf2 $1 $17 50. a7 Rf1+ 51. Kc2 Bxa7 52. Rxa7 Rxf4 53. hxg4 Kg7) 50. Nxh3 {[%emt 0:00:22] Weighted Error Value: White=0.45/Black=0.42} 1/2-1/2

[Event "Charlotte Summer IM D 2022"]
[Site "Charlotte"]
[Date "2022.07.25"]
[Round "1.4"]
[White "Bisiriyu-Salam, Oluwaseun"]
[Black "Oberoi, Shelev"]
[Result "1-0"]
[ECO "B41"]
[WhiteElo "1992"]
[BlackElo "2259"]
[Annotator "TA"]
[PlyCount "127"]
[EventDate "2022.07.24"]
[EventType "tourn"]
[EventCountry "USA"]
[SourceTitle "playchess.com"]
[Source "ChessBase"]
[SourceQuality "1"]
[TimeControl "5400+30"]

1. e4 c5 2. Nf3 e6 3. c4 Nc6 4. Nc3 Nf6 5. Be2 Qc7 6. O-O a6 7. d4 cxd4 8. Nxd4 Bb4 9. Nxc6 dxc6 10. Qc2 {[%emt 0:02:25] B41: Sicilian: Kan Variation: 5 c4.} Bd6 11. Kh1 {[%emt 0:03:05] [#]} h5 $146 ({Predecessor:} 11... b5 12. Bg5 O-O 13. Rad1 Rd8 14. f4 e5 15. Qc1 Bb7 16. Rxd6 Qxd6 17. fxe5 Qxe5 {0-1 (43) V Gallardo,M (1872)-Sorcinelli,A (2030) FICGS email 2014}) 12. f4 {[%emt 0:01:14] Strongly threatening e5. White is slightly better.} e5 13. f5 Bc5 14. Rb1 (14. Na4 $16 Bd4 15. c5) 14... Bd4 $14 15. b4 b5 16. Bd2 Bb7 17. c5 O-O-O (17... a5 $14) 18. Bf3 Ng4 19. Nd1 {[%emt 0:00:55] Inhibits Nf2+.} Qe7 20. g3 (20. h3 $14) 20... Kb8 21. Kg2 g6 22. h3 gxf5 23. exf5 Nf6 24. Bg5 {[%emt 0:00:14] [#]} (24. Nc3 $11 {remains equal.}) 24... Rdg8 (24... e4 $1 $17 25. Be2 Rdg8) 25. Bh4 $2 (25. Bxf6 $11 {and White stays safe.} Qxf6 26. Nc3) 25... e4 $19 26. Be2 Qc7 (26... Qe5 $19 {...Nd5 is the strong threat.} 27. Rb3 Nd5) 27. Kh2 $2 (27. Rb3 $15) 27... e3 $2 (27... Nd5 $19 {White must now prevent ...Bf6.} 28. Qxe4 Bf6) 28. Rf3 Nd5 29. Qe4 {[%emt 0:00:58] Prevents Rg4.} Be5 30. Rb3 $1 Nf6 (30... Re8 $15 31. Qd3 a5 32. bxa5 Qxa5) 31. Qxe3 $2 {[%emt 0:00:32] [#]} (31. Qc2 $11 {and White is okay.}) 31... Ng4+ $1 32. hxg4 hxg4 33. Rf2 {[%emt 0:08:05] aiming for Kg2.} Rxh4+ $1 34. Kg1 Rh3 (34... Rh5 $142 {Threatens to win with ...Bc8.} 35. Rh2 Rxh2 36. Kxh2 f6) 35. Rg2 $17 Bc8 36. Qe4 Rxg3 37. Rbxg3 Bxg3 38. Bxg4 Bd7 {[%emt 0:01:00] Hoping for ...Re8.} 39. Qf3 Be5 40. Kf1 Bc8 41. Re2 f6 42. Rg2 (42. Nf2 $15) 42... Qd7 $19 43. Nf2 (43. Qe4 $142) 43... Rd8 44. Ne4 (44. Qd1 {was worth a try.}) 44... Qd4 45. a3 $2 (45. Rd2 Qc4+ 46. Qe2 Rxd2 47. Qxc4 bxc4 48. Nxd2) 45... Qa1+ 46. Kf2 Qb2+ 47. Ke1 Qc1+ 48. Kf2 Bd4+ 49. Ke2 Qc2+ 50. Kf1 Qb1+ 51. Ke2 Re8 52. Qf4+ Be5 53. Qe3 Bc7 54. Kf3 Qf1+ 55. Rf2 Qh1+ 56. Rg2 Qd1+ 57. Re2 Qd5 58. Kf2 Bxf5 59. Bf3 (59. Bxf5 Qxf5+ 60. Qf3) 59... Qe5 60. Kf1 Bh3+ {[%emt 0:00:18] A strong pair of Bishops.} 61. Ke1 Qa1+ 62. Kf2 f5 (62... Qf1# $142) 63. Qc3 Qh1 $4 64. Bxh1 {[%emt 0:00:02] White used his chance.  Weighted Error Value: White=0.84/Black=0.39} 1-0

[Event "Charlotte Summer IM D 2022"]
[Site "Charlotte"]
[Date "2022.07.25"]
[Round "1.5"]
[White "Levine, Joseph"]
[Black "Vigorito, David"]
[Result "1/2-1/2"]
[ECO "B90"]
[WhiteElo "2294"]
[BlackElo "2295"]
[Annotator "TA"]
[PlyCount "111"]
[EventDate "2022.07.24"]
[EventType "tourn"]
[EventCountry "USA"]
[SourceTitle "playchess.com"]
[Source "ChessBase"]
[SourceQuality "1"]
[TimeControl "5400+30"]

1. e4 c5 2. Nf3 d6 3. d4 cxd4 4. Nxd4 Nf6 5. Nc3 a6 6. Bd3 e5 7. Nde2 Be7 8. O-O O-O 9. Ng3 {[%emt 0:00:14] B90: Sicilian Najdorf: Unusual White 6th moves, 6 Be3 Ng4 and 6 Be3 e5.} Be6 10. Nd5 Bxd5 11. exd5 {[%emt 0:00:02] The position is equal.} g6 12. f4 exf4 13. Bxf4 Nbd7 14. c4 {[%emt 0:01:06] [#]} Re8 $146 ({Predecessor:} 14... Ne5 15. Bxe5 dxe5 16. Kh1 Nd7 17. Qg4 Kh8 18. Nf5 Nf6 19. Qh3 Bc5 20. b4 Bxb4 {0-1 (32) Pacher,M (2406)-Souhardo,B (2382) Budapest 2021}) 15. Kh1 Ne5 16. Bxe5 dxe5 17. Qf3 Rf8 18. Rad1 Ne8 19. Qe3 Qc7 $1 20. Rde1 (20. Qh6 {is more complex.} Bc5 21. a3 a5 22. Ne4) 20... f6 21. Qh6 {[%emt 0:03:14][%cal Od3g6] And now Bxg6! would win.} Rf7 22. Rc1 b6 23. a3 a5 24. c5 bxc5 25. b4 axb4 26. axb4 c4 {[%emt 0:00:00] Black wants to play ...Qb7.} 27. Rxc4 (27. Ne4 $11) 27... Qb7 28. Rg4 Bf8 $1 (28... Bxb4 29. Rb1 Bf8 30. Rxg6+ Kh8 31. Qh4 $11 (31. Rxb7 Bxh6 32. Rxf7 hxg6 $17)) (28... Qxd5 $2 29. Bc4 Nc7 30. Bxd5 $18) 29. Qe3 Nd6 (29... Bxb4 $2 30. Rb1 $18) ({Don't take} 29... Qxd5 30. Be4 (30. Bc4 Qd7 $16) 30... Qe6 31. Bxa8 $16) 30. h4 $2 (30. Nf5 $1 $15) 30... Qxd5 $2 (30... Qd7 $1 $19 31. Nf5 Ra3 32. Nxd6 Bxd6 33. Bxg6 Rxe3 34. Bf5+ Kh8 35. Bxd7 Rxd7 36. Rxf6 Rd3) 31. h5 $11 g5 (31... Ra2 $2 32. Ne4 Qe6 33. Qf3 $16) (31... Qe6 $11 32. hxg6 Qxg4 33. gxf7+ Kg7) 32. Ne4 (32. Bc2 $16 {Threatens to win with Bb3.} Ra2 33. Qb3 Qxb3 34. Bxb3) 32... Qe6 33. Qh3 ({Wrong is} 33. Nxf6+ $2 Rxf6 34. Qxg5+ Kf7 35. Qg8+ (35. Rxf6+ $2 Qxf6 36. Qxf6+ Kxf6 $19) 35... Ke7 36. Qxh7+ Rf7 37. Rxf7+ Qxf7 $19) (33. Rg3 $14 Nxe4 34. Qxe4) 33... Kh8 $1 {[%emt 0:00:27] Hoping for ...Ra3.} 34. Nxd6 Qxd6 ({Much less strong is} 34... Bxd6 35. Bc4 Qe8 36. Bxf7 Qxf7 37. Rxg5 $16) 35. Rxg5 (35. Be2 $11 {remains equal.}) 35... Bh6 (35... Ra3 $17 36. Qg3 Bg7) 36. Qf3 (36. Rg3 $15) 36... Bxg5 $2 ({Better is} 36... Ra3 $19 37. Rg3 e4) 37. Qxa8+ Kg7 $1 38. Qe4 Kh6 39. b5 Rd7 40. Bc2 Qc7 41. Rb1 {[%emt 0:00:29] [#]} (41. Qb4 $11) 41... Rd4 $1 $17 42. b6 {[%emt 0:00:23] [#]} Rxe4 (42... Qf7 $142 $1 43. Qxh7+ Qxh7 44. Bxh7 Rh4+ 45. Kg1 Be3+ 46. Kf1 Kxh7) 43. bxc7 {[%emt 0:00:12][%mdl 4096] Endgame KRB-KRB} Rc4 44. Be4 {[%emt 0:01:04] Black must now prevent Rb7.} Rxc7 45. g4 Be3 46. Rb7 Rxb7 {[%emt 0:00:09] Black is better.} 47. Bxb7 {[%emt 0:00:02] KB-KB} Kg5 48. Bf3 Kf4 49. Kg2 e4 50. Be2 h6 51. Bd1 Bd4 52. Kf1 Ke3 53. Be2 Kd2 54. Bb5 Bc5 55. Be2 Ke3 56. Bd1 {[%emt 0:00:08] Weighted Error Value: White=0.39/Black=0.25 (precise)} 1/2-1/2

[Event "Charlotte Summer IM D 2022"]
[Site "Charlotte"]
[Date "2022.07.25"]
[Round "2.1"]
[White "Bacus, Dharim"]
[Black "Vigorito, David"]
[Result "1-0"]
[ECO "B67"]
[WhiteElo "2227"]
[BlackElo "2295"]
[Annotator "TA"]
[PlyCount "175"]
[EventDate "2022.07.24"]
[EventType "tourn"]
[EventCountry "USA"]
[SourceTitle "playchess.com"]
[Source "ChessBase"]
[SourceQuality "1"]
[TimeControl "5400+30"]

1. e4 c5 2. Nf3 d6 3. d4 cxd4 4. Nxd4 Nf6 5. Nc3 a6 6. Bg5 e6 7. f4 Be7 8. Qd2 h6 9. Bxf6 Bxf6 10. O-O-O Bd7 11. Kb1 Nc6 12. Nf3 Be7 13. g4 Qc7 14. h4 O-O-O {B67: Sicilian: Richter-Rauzer: 7...a6 8 0-0-0 Bd7, lines without 9 f4 Be7.} 15. Bh3 Kb8 16. g5 {[%emt 0:11:14] [#]} Bc8 $146 {The position is equal.} ({Predecessor:} 16... hxg5 17. hxg5 g6 18. Bg2 Bc8 19. Qe3 Rxh1 20. Rxh1 d5 21. exd5 exd5 22. Nd4 Nxd4 23. Qxd4 {½-½ (33) Felgaer,R (2591)-Fier,A (2490) Sao Paulo 2006}) 17. Qg2 hxg5 18. hxg5 g6 19. Rhe1 f5 20. exf5 gxf5 21. Qg3 d5 22. Bg2 Bb4 23. Nd4 Nxd4 24. Rxd4 Bc5 25. Rd3 Bd6 26. Ne2 Rhe8 27. Rf1 Qg7 28. Rfd1 Qc7 29. Re3 Bd7 (29... e5 $5 30. Rc3 (30. Rxd5 $2 exf4 31. Nxf4 Bxf4 $19) 30... exf4 $11) 30. Rc3 Qa5 31. Nd4 Rc8 32. Rxc8+ Kxc8 $4 (32... Rxc8 $11 {and Black stays safe.} 33. c3 Qc7) 33. g6 $18 Qc7 $2 (33... e5 34. g7 exd4) 34. g7 $1 Rg8 35. Nxf5 exf5 36. Bxd5 Ba4 (36... Bxf4 $2 37. Qh4 Re8 38. g8=Q Rxg8 39. Bxg8 $18) 37. Rg1 $1 {[%emt 0:00:39] Active counter play!} Bxf4 38. Bxg8 {[%emt 0:00:29] Be6+ would kill now. Dancing on a razor blade.} Qxc2+ (38... Bxg3 $2 39. Be6+ Kb8 40. g8=Q+ Ka7 41. Qxg3 $18) (38... Bxc2+ $2 39. Ka1 Bxg3 40. Be6+ Kb8 41. g8=Q+ Ka7 42. Qxg3 $18) 39. Ka1 Bxg3 40. Be6+ Kc7 41. g8=Q Be5 {[%emt 0:01:00][%csl Gc2][%cal Re5b2] [#]} 42. Qc8+ $1 (42. Rb1 Bxb2+ 43. Rxb2 Qc1+ 44. Rb1 Qc3+ 45. Rb2 Qc1+ 46. Rb1 Qc3+ 47. Rb2 Qc1+ $11) 42... Kd6 $2 (42... Kb6 43. Qxc2 Bxc2) 43. Qxc2 $2 (43. Qd8+ $18 Kc5 44. Qd5+ Kb6 45. Qxe5) 43... Bxc2 {[%emt 0:00:00][%mdl 4096] Endgame KRB-KB. A strong pair of Bishops.} 44. Rg6 Ke7 (44... Kc7 $16) 45. Bc8 {Threatens to win with Re6+.} ({Much less strong is} 45. Bd5 Bb8 46. Re6+ (46. Bxb7 a5 $16) 46... Kd7) 45... Bf6 46. Bxb7 a5 {[%emt 0:00:00] [#]} 47. Rg2 $1 Bd3 {[%emt 0:01:00] Prevents Re2+.} 48. Rd2 Bc4 49. Rc2 Be6 (49... Bd3 $142 50. Rd2 Bc4) 50. Bc8 {[%emt 0:01:00] Re2 is the strong threat.} Bxc8 $2 (50... Be5 51. Bxe6 (51. Re2 Bxc8 52. Rxe5+ Kd6 $18) 51... Kxe6) 51. Rxc8 {[%emt 0:00:00] KR-KB} f4 52. Rc5 a4 53. Kb1 {[%emt 0:01:30] Strongly threatening Rf5.} Ke6 {[%emt 0:00:00] Prevents Rf5.} 54. Kc2 $2 (54. Rc4 Ke5 55. Kc2 (55. Rxa4 f3 $16)) 54... f3 {[%emt 0:00:00] ( -> ...f2)} 55. Rh5 f2 56. Rh1 Kd5 57. Rf1 Bd4 58. Kd3 Bxb2 59. Rxf2 a3 60. Rf5+ Kc6 61. Kc4 {[%emt 0:00:00] Hoping for Rd5.} Ba1 $2 (61... Kd6 62. Rd5+ Ke6) 62. Ra5 Bb2 63. Ra6+ $2 (63. Rd5 Bf6 64. Rd3) 63... Kb7 64. Kb5 {White threatens Rd6 and mate.} Bc1 $2 (64... Kc7 $18 65. Kc5 Kd7) 65. Rb6+ Ka7 66. Kc6 Bf4 67. Rb7+ Ka8 68. Kb6 Be3+ 69. Ka6 Bf4 70. Rb3 Bd6 71. Rd3 Bb8 $2 (71... Be7 $18 72. Kb5 Kb8) 72. Rxa3 Ba7 73. Rb3 Bb8 74. a4 Ba7 75. a5 Bb8 76. Rb7 Bd6 77. Rd7 Bf4 78. Rf7 Be5 79. Rf8+ Bb8 80. Kb5 Kb7 81. Rf7+ Ka8 82. Kb6 Be5 83. Ra7+ Kb8 84. Rd7 {[%emt 0:00:10][%cal Rd7d8] Prevents Bd4+. White mates.} Bf6 85. a6 Ka8 86. a7 Bd4+ 87. Ka6 Bf6 88. Rc7 {[%emt 0:00:12] Weighted Error Value: White=0.40/Black=0.39} 1-0

[Event "Charlotte Summer IM D 2022"]
[Site "Charlotte"]
[Date "2022.07.25"]
[Round "2.2"]
[White "Oberoi, Shelev"]
[Black "Levine, Joseph"]
[Result "1-0"]
[ECO "C14"]
[WhiteElo "2259"]
[BlackElo "2294"]
[Annotator "TA"]
[PlyCount "57"]
[EventDate "2022.07.24"]
[EventType "tourn"]
[EventCountry "USA"]
[SourceTitle "playchess.com"]
[Source "ChessBase"]
[SourceQuality "1"]
[TimeControl "5400+30"]

1. e4 e6 2. d4 d5 3. Nc3 Nf6 4. Bg5 Be7 5. e5 Nfd7 6. h4 h6 7. Be3 c5 8. Qg4 {[%emt 0:00:25] C14: French: Classical System: 4 Bg5 Be7 main line.} g6 {[%emt 0:00:00] The main line 8...g6 scores better than 8...Kf8.} 9. dxc5 Nxe5 10. Qg3 {[%emt 0:00:14] The position is equal.} Nbc6 11. O-O-O Qa5 (11... Nd7 $11 {remains equal.}) 12. Bd4 $16 {[%emt 0:16:02] [#]} f6 $146 ({Predecessor:} 12... Bf6 13. Bb5 Nd7 14. Bxf6 Nxf6 15. Qe5 Ke7 16. Qd6+ Ke8 17. Bxc6+ bxc6 18. Qxc6+ Kd8 19. Qxa8 Kc7 20. a4 Qxc5 21. Nb5+ {1-0 (21) Bykovtsev,A (2026)-Regam,J (1945) Tulsa 2015}) 13. Bxe5 Nxe5 14. f4 ({White should play} 14. Nf3) 14... Nf7 15. Qxg6 {[%emt 0:05:31] [#] Strongly threatening Rh3.} Qxc5 16. Rh3 $36 {[%emt 0:04:31][%cal Bh1h3,Bh3d3,Bd3d5][%mdl 2080] aiming for Bb5+. White has strong initiative. 0x0.0013b8fa2d1ddp-1022s more active pieces.} a6 {[%emt 0:00:00] Prevents Bb5+.} (16... Bd7 $142) 17. Be2 {[%emt 0:15:58][%cal Bf1e2,Be2g4,Bg4f3][%mdl 32] And now Bh5 would win.} Rf8 (17... d4 $16) 18. Rhd3 {[%emt 0:08:20][%cal Of4f5] Hoping for f5!} Bd7 {[%emt 0:00:00] [#]} 19. f5 (19. Ne4 $3 $18 Qb4 20. Nxf6+ Bxf6 21. Qxf6) 19... Rc8 {[%emt 0:00:00][%mdl 8192] Loses the game.} (19... O-O-O $16 {is a better chance.}) 20. Bg4 e5 (20... Kd8 $142) 21. Rxd5 $18 {[%emt 0:04:39] White is clearly winning.} Qe3+ 22. Kb1 Rxc3 23. Rxd7 Rc8 24. Ne2 ({Don't blunder} 24. Ka1 $2 Rxc2 25. Ne2 Qb6 26. Rxe7+ (26. b3 {leads to mate.} Qa5 27. a4 Qb4) 26... Kxe7 $19) 24... Qb6 25. Bf3 Rd8 26. Rxd8+ Bxd8 27. Nc3 Qf2 28. Ne4 Qb6 29. Nd6+ {[%emt 0:00:19] Weighted Error Value: White=0.22 (precise) /Black=0.74} 1-0

[Event "Charlotte Summer IM D 2022"]
[Site "Charlotte"]
[Date "2022.07.25"]
[Round "2.3"]
[White "Leyva Rivera, Yunier"]
[Black "Bisiriyu-Salam, Oluwaseun"]
[Result "1-0"]
[ECO "D36"]
[WhiteElo "2379"]
[BlackElo "1992"]
[Annotator "TA"]
[PlyCount "57"]
[EventDate "2022.07.24"]
[EventType "tourn"]
[EventCountry "USA"]
[SourceTitle "playchess.com"]
[Source "ChessBase"]
[SourceQuality "1"]
[TimeControl "5400+30"]

1. d4 Nf6 2. Nf3 d5 3. c4 e6 4. Nc3 Be7 5. cxd5 exd5 6. Bg5 O-O 7. e3 Nbd7 8. Bd3 c6 9. Qc2 Re8 10. O-O Ne4 11. Bxe4 Bxg5 12. Bxh7+ Kh8 13. Bd3 {[%emt 0:03:36] White is more active.} Bh6 {[%emt 0:00:17] D36: Queen's Gambit Declined: Exchange Variation: Main line (5 Bg5 c6 6 Qc2).} 14. b4 {[%emt 0:01:13] [#]} a6 $146 {[%emt 0:02:44] Prevents b5.} ({Predecessor:} 14... Nf6 15. Ne5 Rxe5 16. dxe5 Ng4 17. Bf5 Qh4 18. Bxg4 Bxg4 19. f4 Re8 20. Qf2 Qe7 21. a3 {1-0 (37) Stepanov,M (1549)-Wachsmann,E (1740) Neustadt an der Weinstrasse 2019}) 15. a4 g6 {[%emt 0:00:13] White is clearly better.} 16. b5 axb5 17. axb5 Rxa1 18. Rxa1 Qf6 19. bxc6 bxc6 20. Ba6 Bf8 (20... Qd6 {was called for.} 21. h3 Kg8 22. Bxc8 Rxc8) 21. Bxc8 Rxc8 {[%emt 0:00:04] [#]} 22. Nxd5 $1 Qd8 23. Nf4 c5 24. dxc5 Rxc5 25. Qd3 Qf6 26. Rd1 Nb6 27. h4 {[%emt 0:01:17] And now Ng5 would win.} Kg7 28. Ng5 {[%emt 0:02:04][%cal Of4h5] White wants to mate with Nh5+!} Nc4 $2 {[%emt 0:56:24] [#]} (28... Qf5 $18 29. Rb1 Rc6 30. Qd4+ Qf6) 29. Nh5+ $1 {[%emt 0:00:30][%mdl 512] White took control after the opening.  Weighted Error Value: White=0.05 (flawless) /Black=0.72} 1-0